 Dungeon Crawl Stone Soup version 0.31.0-4-g52a2dc7128 (webtiles) character file.

Game seed: 18343528441319331165

18 Chiseanne the Digger (level 2, 0/22 HPs)
             Began as a Demonspawn Wanderer on Jan 21, 2024.
             Succumbed to an adder's poison
             ... on level 2 of the Dungeon.
             The game lasted 00:03:29 (902 turns).

Chiseanne the Digger (Demonspawn Wanderer)           Turns: 902, Time: 00:03:30

Health: 0/22       AC:  7    Str: 13    XL:     2   Next: 48%
Magic:  3/3        EV:  8    Int: 12    God:
Gold:   29         SH:  4    Dex: 11    Spells: 2/3 levels left

rFire   . . .        a - +2 hand axe
rCold   . . .        b - +0 buckler
rNeg    . . .        g - +0 scale mail
rPois   .            (no helmet)
rElec   .            (no cloak)
rCorr   .            (no gloves)
SInv    .            e - +0 pair of boots
Will    +....        (no amulet) Stlth
                     (no ring)
HPRegen 0.23/turn    (no ring)
MPRegen 0.08/turn

%: no passive effects
@: mighty, lethally poisoned (0 -> -1), enlightened, flying
A: demonic magic 1
a: no special abilities


You were on level 2 of the Dungeon.
You visited 1 branch of the dungeon, and saw 2 of its levels.

You collected 29 gold pieces.

Inventory:

Hand Weapons
 a - a +2 hand axe (weapon)
 s - a +0 dagger of venom
Armour
 b - a +0 buckler (worn)
 e - a +0 pair of boots (worn)
 g - a +0 scale mail (worn)
Scrolls
 f - a scroll of identify


   Skills:
 * Level 2.3 Fighting
 - Level 1.7 Axes
 * Level 0.7 Armour
 * Level 0.7 Dodging
 * Level 1.4 Shields
 - Level 1.0 Spellcasting
 - Level 3.6 Earth Magic


You had 2 spell levels left.
You knew the following spells:

 Your Spells              Type           Power      Damage    Failure   Level
a - Sandblast             Erth           18%        2d7       43%         1

Your spell library contained the following spells:

 Spells                   Type           Power      Damage    Failure   Level
 Passwall                 Erth           9%         N/A       80%         3


Dungeon Overview and Level Annotations

Branches:
Dungeon (2/15)

Altars:


Innate Abilities, Weirdness & Mutations

Spells you cast may paralyse adjacent enemies.


Message History

The adder barely misses you.
You miss the adder.
The adder is lightly wounded.
The adder bites you.
You are poisoned.
The adder poisons you! The adder bites you.
You are more poisoned.
The adder poisons you!
You completely miss the adder.
The adder is lightly wounded.
You feel very sick. The adder completely misses you.
The adder closely misses you.
You closely miss the adder.
The adder is lightly wounded.
You feel sick. The adder misses you.
You completely miss the adder.
The adder is lightly wounded.
You feel sick. The adder bites you.
You are lethally poisoned!
The adder poisons you! The adder bites you but does no damage.
You hit the adder.
The adder is heavily wounded.
* * * LOW HITPOINT WARNING * * *
You feel sick. The adder bites you but does no damage.
You slash the adder!
You kill the adder!
* * * LOW HITPOINT WARNING * * *
You feel sick.
* * * LOW HITPOINT WARNING * * *
You feel sick.
* * * LOW HITPOINT WARNING * * *
You feel sick.
You see here a +0 leather armour.
It was a potion of enlightenment.
You feel very buoyant.
You fly up into the air.
* * * LOW HITPOINT WARNING * * *
You feel sick.
You feel very mighty all of a sudden.
You die...

### # #.. . #<# .#
#########.# .#
........#.####.#####
#.(..................
#..#####.#.##.......#
##....##.#.##@......# ..
.........#.##.......#
.#########..#.##.......#
..............##.......#
..##..######...#.......#
........)..........#####
.......#######...###
....<..# ##.. .......#
##


There were no monsters in sight!

Vanquished Creatures
  An adder (D:2)
  A dart slug (D:1)
  An endoplasm (D:1)
  A goblin (D:2)
  2 ball pythons
  2 bats (D:1)
  A frilled lizard (D:1)
9 creatures vanquished.

Notes
Turn   | Place    | Note
-------+----------+-------------------------------------------
     0 | D:1      | Chiseanne the Demonspawn Wanderer began the quest for the
                  | Orb.
     0 | D:1      | Chiseanne set off with the following items: a +2 hand axe,
                  | a +0 buckler, a potion of might, a +0 leather armour; and
                  | the following spell memorised: Sandblast; and the following
                  | spells available to memorise: Passwall.
     0 | D:1      | Reached XP level 1. HP: 16/16 MP: 2/2
   802 | D:2      | Gained mutation: Spells you cast may paralyse adjacent
                  | enemies. [demonic ancestry]
   802 | D:2      | Reached XP level 2. HP: 16/22 MP: 3/3
   901 | D:2      | HP: 1/22 [poisoned by an adder]
   902 | D:2      | Succumbed to an adder's poison

Illustrated notes

Levels and vault maps discovered:
D:1:      wheals_arrival_shading, layout_loops_ring
D:2:      layout_basic, uniq_sigmund

Action                     || total
---------------------------++-------
  Melee: Hand axe          ||    32
    Use: Scroll            ||     4
         Potion            ||     2
 Armour: Scale mail        ||    22
         Leather armour    ||     4
  Dodge: Dodged            ||    18
  Block: Buckler           ||     4
